 Dungeon Crawl Stone Soup version 0.25.1-2-g60ff931df9 (webtiles) character file.

Game seed: 17991818251059374335

1477 flotson the Skirmisher (level 8, -16/63 HPs)
             Began as a Demonspawn Wanderer on Oct 13, 2020.
             Demolished by an ogre
             ... wielding a +0 giant club
              (19 damage)
             ... on level 6 of the Dungeon.
             The game lasted 00:11:04 (6972 turns).

flotson the Skirmisher (Demonspawn Wanderer)        Turns: 6972, Time: 00:11:05

Health: -16/63     AC: 11    Str: 16    XL:     8   Next: 49%
Magic:  8/8        EV:  6    Int: 13    God:
Gold:   220        SH: 14    Dex: 12    Spells: 7/7 levels left

rFire    . . .     SeeInvis .   a - +0 dagger (chaos)
rCold    . . .     Gourm    .   z - +2 tower shield
rNeg     . . .     Faith    .   v - +0 chain mail
rPois    +         Spirit   .   e - +1 hat
rElec    .         Reflect  .   (no cloak)
rCorr    .         Harm     .   t - +0 pair of gloves
MR       .....                  (no boots)
Stlth    ..........             (no amulet)
HPRegen  0.20/turn              d - ring of stealth
MPRegen  0.11/turn              s - ring of poison resistance

@: no status effects
A: hooves 2, repulsion field 1, rot immunity
a: no special abilities


You were on level 6 of the Dungeon.
You were near starving.

You visited 1 branch of the dungeon, and saw 6 of its levels.

You collected 220 gold pieces.

Inventory:

Hand Weapons
 a - a +0 dagger of chaos (weapon)
 b - a +2 shortbow
 i - a +0 scimitar
 y - a +0 war axe
Missiles
 l - 67 arrows
Armour
 e - a +1 hat (worn)
 t - a +0 pair of gloves (worn)
 v - a +0 chain mail (worn)
 z - a +2 tower shield (worn)
Jewellery
 d - a ring of stealth (left hand)
 q - an uncursed ring of positive energy
 s - a ring of poison resistance (right hand)
Scrolls
 g - a scroll of blinking {unknown}
 h - 4 scrolls of remove curse
 m - 2 scrolls of magic mapping {unknown}
 n - 3 scrolls of fog
 o - a scroll of enchant armour {unknown}
 p - a scroll of fear {unknown}
 u - a scroll of teleportation {unknown}
 w - a scroll of noise {unknown}
Potions
 c - 2 potions of curing
 r - a potion of cancellation
Comestibles
 f - 15 rations


   Skills:
 + Level 5.4 Fighting
 - Level 1.0 Long Blades
 + Level 1.4 Axes
 - Level 1.7 Bows
 - Level 4.0 Throwing
 + Level 4.6 Armour
 + Level 4.8 Dodging
 - Level 1.7 Stealth
 + Level 1.8 Shields
   Level 1.2 Evocations


You had 7 spell levels left.
You didn't know any spells.
Your spell library contained the following spells:

 Spells                   Type           Power        Failure   Level  Hunger
 Corona                   Hex            #......      100%        1    ##.....
 Ensorcelled Hibernation  Hex/Ice        #.....       100%        2    ###....
 Confusing Touch          Hex            #.......     100%        3    ####...
 Dazzling Flash           Conj/Hex       #.....       100%        3    ####...
 Tukima's Dance           Hex            #.......     100%        3    ####...


Dungeon Overview and Level Annotations

Branches:
Dungeon (6/15)             Temple (0/1) D:5

Altars:
Ashenzari
Elyvilon
Makhleb
Qazlal
Wu Jian
Xom
The Shining One


Innate Abilities, Weirdness & Mutations

You have hoof-like feet.
You are surrounded by a mild repulsion field. (EV +2)
You are immune to rotting.


Message History

You hit the ogre. Lightning courses through the ogre! You kick the ogre.
The ogre is severely wounded.
You block the ogre's attack. The ogre closely misses you.
You hit the ogre.
The ogre looks even sicker.
The ogre is almost dead.
You block the ogre's attack.
You hit the ogre.
The ogre flickers and vanishes!
Deactivating autopickup; reactivate with Ctrl-A.
Your kick misses something. Something hits you!
Something completely misses you.
A bullfrog comes into view.
The bullfrog gives a loud, deep croak!
Something hits you!! You block the bullfrog's attack. x2
As you read the scroll labeled TOLANI WIUQ, it crumbles to dust.
The scroll dissolves into smoke.
It was a scroll of fog.
Something hits you!
* * * LOW HITPOINT WARNING * * *
The bullfrog hits you.
* * * LOW HITPOINT WARNING * * *
Something hits you!!
You die...

##'##......##.......#..........##
....##+######.......#..........##
...(##.#### ####....#..........##
..........# #.................
..........########...###.......##
...(.........#...#...# #.......##
.............#.§.#§..# #.......##
....##.......+.§§F§..# #.......#.
###.....##...#§§@#.. ###+#####+
+O..........§{§#.# .....
#.<.o.#####.§..#.# ..... #######
#.......# .... ..... #.......#
.... ..... ..(.......# .....
..... ..(#.......# .... .....
..(#.....).#... ..... ##
#....##.#.# #.....


You could see a bullfrog.

Vanquished Creatures
  Prince Ribbit (D:5)
  Eustachio (D:4)
  Menkaure (D:6)
  An orc warrior (D:4)
  2 ogres
  A centaur (D:5)
  A bullfrog (D:6)
  4 killer bees (D:5)
  A crimson imp (D:5)
  2 orc priests
  An orc wizard (D:5)
  A centaur skeleton (D:4)
  2 iguanas
  2 worker ants
  4 gnolls (D:4)
  5 adders
  2 shadow imps
  An ooze (D:4)
  3 worms
  A dart slug (D:1)
  3 leopard geckos
  10 orcs
  9 bats
  5 giant cockroaches
  10 goblins
  5 hobgoblins
  7 kobolds
  2 quokkas
  A ball python (D:2)
  3 frilled lizards
  A quokka skeleton (D:4)
  A quokka zombie (D:6)
  9 rats
103 creatures vanquished.

Notes
Turn   | Place    | Note
-------+----------+-------------------------------------------
     0 | D:1      | flotson the Demonspawn Wanderer began the quest for the
                  | Orb.
     0 | D:1      | flotson set off with the following items: a +2 shortbow, 25
                  | arrows, 2 potions of curing, a +0 robe, a +0 dagger, a
                  | ration
     0 | D:1      | Reached XP level 1. HP: 16/16 MP: 1/1
   275 | D:1      | Gained mutation: You have large cloven feet. [demonic
                  | ancestry]
   275 | D:1      | Reached XP level 2. HP: 21/22 MP: 2/2
   828 | D:2      | Found a shattered altar of Ashenzari.
   849 | D:2      | Found a stormy altar of Qazlal.
   869 | D:2      | Reached skill level 1 in Throwing
   869 | D:2      | Reached XP level 3. HP: 13/28 MP: 3/3
  1935 | D:2      | Gained mutation: You are immune to rotting. [demonic
                  | ancestry]
  1935 | D:2      | Reached XP level 4. HP: 30/34 MP: 4/4
  2214 | D:2      | Found a white marble altar of Elyvilon.
  2391 | D:3      | Noticed an ogre
  2998 | D:3      | Killed an ogre
  2998 | D:3      | Reached skill level 3 in Fighting
  2998 | D:3      | Reached XP level 5. HP: 27/41 MP: 5/5
  3276 | D:4      | Noticed Eustachio
  3630 | D:4      | Killed Eustachio
  3630 | D:4      | Reached XP level 6. HP: 48/48 MP: 6/6
  3648 | D:4      | Noticed an orc warrior
  4151 | D:4      | Killed an orc warrior
  4151 | D:4      | Reached skill level 4 in Fighting
  4151 | D:4      | Gained mutation: You are surrounded by a mild repulsion
                  | field. (EV +2) [demonic ancestry]
  4151 | D:4      | Reached XP level 7. HP: 48/54 MP: 7/7
  4219 | D:4      | Found an ornate altar of the Wu Jian Council.
  4398 | D:4      | Found a glowing golden altar of the Shining One.
  4475 | D:5      | Entered Level 5 of the Dungeon
  4886 | D:5      | Reached skill level 1 in Evocations
  5150 | D:5      | Found a staircase to the Ecumenical Temple.
  5263 | D:5      | Found a shimmering altar of Xom.
  5263 | D:5      | Found a burning altar of Makhleb.
  5660 | D:5      | Noticed Prince Ribbit
  5671 | D:5      | Killed Prince Ribbit
  5671 | D:5      | Gained mutation: You have hoof-like feet. [demonic
                  | ancestry]
  5671 | D:5      | Reached XP level 8. HP: 40/61 MP: 8/8
  5990 | D:6      | Noticed Menkaure
  5996 | D:6      | Killed Menkaure
  5996 | D:6      | Reached skill level 5 in Fighting
  6573 | D:5      | Reached skill level 1 in Axes
  6972 | D:6      | HP: 3/63 [bullfrog (5)]
  6972 | D:6      | Demolished by an ogre

Illustrated notes

Levels and vault maps discovered:
D:1:      mrwooster_arrival_statue_3, layout_basic
D:2:      minmay_evil_eye, layout_basic, lemuel_doored_altar,
          grunt_qazlal_clouds, evilmike_ruin_ashenzari, first_ration
D:3:      layout_loops_ring
D:4:      layout_basic, tso_altar, nicolae_overflow_crystal_walls,
          nrook_loot_triangle, uniq_eustachio
D:5:      layout_gridville, grunt_temple_overflow_champion_of_chaos,
          minmay_temple_entry_from_below_b, minmay_misc_feat_x,
          uniq_prince_ribbit1
D:6:      layout_basic, kennysheep_path_1, uniq_menkaure

Skill      XL: |  1  2  3  4  5  6  7  8 |
---------------+-------------------------+-----
Throwing       | 1 2 3 4 |  4.0
Dodging        | 2 3 4 |  4.8
Armour         | 2 3 4 |  4.6
Fighting       | 3 4 5 |  5.4
Evocations     | 1 |  1.2
Axes           | 1 |  1.4
Long Blades    | |  1.0
Bows           | |  1.7
Stealth        | |  1.7
Shields        | |  1.8

Action                   |  1- 3 |  4- 6 |  7- 9 || total
-------------------------+-------+-------+-------++-------
Melee: Scimitar          |       |     2 |    51 ||    53
       Kick              |       |     1 |    47 ||    48
       Dagger            |       |       |   166 ||   166
 Fire: Shortbow          |   112 |   114 |    34 ||   260
Throw: Dart              |       |     7 |    16 ||    23
Evoke: Wand              |       |     6 |     1 ||     7
  Use: Scroll            |     3 |     1 |     2 ||     6
       Potion            |     1 |       |     8 ||     9
 Stab: Paralysed         |       |       |     3 ||     3
  Eat: Chunk             |     3 |     7 |     7 ||    17
Armor: Robe              |    17 |     8 |       ||    25
       Ring mail         |       |     6 |       ||     6
       Chain mail        |       |       |   110 ||   110
Dodge: Dodged            |    33 |    31 |    83 ||   147
Block: Tower shield      |       |       |   144 ||   144
       Rpst.: Scimitar   |       |       |     3 ||     3
